 Dungeon Crawl Stone Soup version 0.29-a0-334-gb41bcbb86e (webtiles) character file.

Game seed: 4759016273558090967

1 spaghetti the Stinger (level 1, 12/13 HPs)
             Began as a Gnoll Venom Mage on Apr 14, 2022.
             Quit the game on level 1 of the Dungeon.
             The game lasted 00:00:20 (165 turns).

spaghetti the Stinger (Gnoll Venom Mage)             Turns: 165, Time: 00:00:21

Health: 12/13      AC:  2    Str:  7    XL:     1   Next: 20%
Magic:  5/6        EV: 13    Int: 14    God:
Gold:   6          SH:  0    Dex: 12    Spells: 8/9 levels left

rFire   . . .      SeeInvis .   (no weapon)
rCold   . . .      Faith    .   (no shield)
rNeg    . . .      Spirit   .   a - +0 robe
rPois   .          Reflect  .   (no helmet)
rElec   .          Harm     .   (no cloak)
rCorr   .          Rampage  .   (no gloves)
Will    .....                   (no boots)
Stlth   ++........              (no amulet)
HPRegen 0.04/turn               (no ring)
MPRegen 0.10/turn               (no ring)

@: no status effects
A: fangs 1, strong nose, distributed training
a: no special abilities


You were on level 1 of the Dungeon.
You visited 1 branch of the dungeon, and saw 1 of its levels.

You collected 6 gold pieces.


Innate Abilities, Weirdness & Mutations

You have very sharp teeth.
Your uncanny sense of smell can sniff out nearby items.
Your experience applies equally to all skills.


   Skills:
 + Level 0.0 Fighting
 + Level 0.0 Short Blades
 + Level 0.0 Long Blades
 + Level 0.0 Axes
 + Level 0.0 Maces & Flails
 + Level 0.0 Polearms
 + Level 0.0 Staves
 + Level 0.0 Slings
 + Level 0.0 Bows
 + Level 0.0 Crossbows
 + Level 0.0 Throwing
 + Level 0.0 Armour
 + Level 4.4 Dodging
 + Level 4.0 Stealth
 + Level 0.0 Shields
 + Level 0.0 Unarmed Combat
 + Level 4.8 Spellcasting
 + Level 0.0 Conjurations
 + Level 0.0 Hexes
 + Level 0.0 Summonings
 + Level 0.0 Necromancy
 + Level 0.0 Translocations
 + Level 1.9 Transmutations
 + Level 0.0 Fire Magic
 + Level 0.0 Ice Magic
 + Level 0.0 Air Magic
 + Level 0.0 Earth Magic
 + Level 5.3 Poison Magic
 + Level 0.0 Invocations
 + Level 0.0 Evocations


You had 8 spell levels left.
You knew the following spells:

 Your Spells              Type           Power      Damage    Failure   Level
a - Sting                 Tmut/Pois      52%        1d5       4%          1

Your spell library contained the following spells:

 Spells                   Type           Power      Damage    Failure   Level
 Poisonous Vapours        Pois/Air       20%        N/A       9%          2
 Olgreb's Toxic Radiance  Pois           18%        N/A       21%         4
 Mephitic Cloud           Conj/Pois/Air  8%         N/A       26%         3

Inventory:

Hand Weapons
 d - a +0 hand axe {axe}
   (You found it on level 1 of the Dungeon)
 f - a +0 club {mace}
   (You took it off a kobold on level 1 of the Dungeon)
Missiles
 c - 21 stones {throwing}
 j - 6 poisoned darts {throwing}
Armour
 a - a +0 robe (worn)
Scrolls
 g - a scroll of enchant weapon {unknown}
 h - a scroll of identify {unknown}
Potions
 b - a potion of magic
 e - a potion of curing {unknown}
 i - a potion of berserk rage {unknown}

Dungeon Overview and Level Annotations

Branches:
Dungeon (1/15)

Altars:

############
#..........#
#..........##
######...........#
##.l..#...........# #
#
PlPlPll...........#.#
#
.ll.###l............#
# lP
#..g.####+.8.8..# #
#..@.####..#+#..## #
#....##....# ...# #
#....+...### #.###
#....###.# #....
#....# #.# #.###
####.. #.# #.# ##
#.### ###.# #...#
#...### ###.#+#......


You could see a hobgoblin (poisoned) and 2 frilled lizards.


Message History

Found an embroidered scarf.
c - 21 stones {throwing} A rat comes into view.
A rat is nearby!
A rat is nearby!
A rat is nearby!
A rat is nearby!
Casting: Sting (safe; 4% risk of failure)
Confirm with . or Enter, or press ? or * to list all spells.
You can't see any susceptible monsters within range! (Use Z to cast anyway.) Unknown command.
Casting: Sting (safe; 4% risk of failure)
Confirm with . or Enter, or press ? or * to list all spells.
You can't see any susceptible monsters within range! (Use Z to cast anyway.) Unknown command.
Casting: Sting (safe; 4% risk of failure)
Confirm with . or Enter, or press ? or * to list all spells.
Aiming: Sting (safe; 4% risk of failure)
Press: ? - help, Shift-Dir - straight line, f - rat
Aim: a rat (asleep, 100% to hit)
The sting hits the rat.
The rat is poisoned.
You kill the rat! 😎 MP[-1]
You lost 1 mp, and now have 5/6 mp.
d - a +0 hand axe {axe} 😎 MP[+1]
Your mp is fully restored (6).
e - a grey potion You see here a rat corpse.
Found a stone staircase leading down.
You now have 6 gold pieces.
There is a shaft here.
Key pressed, stopping explore.
You open the door.
There is an open door here.
A kobold comes into view. It is wielding a +0 club.
Casting: Sting (safe; 4% risk of failure)
Confirm with . or Enter, or press ? or * to list all spells.
You can't see any susceptible monsters within range! (Use Z to cast anyway.) Unknown command.
Casting: Sting (safe; 4% risk of failure)
Confirm with . or Enter, or press ? or * to list all spells.
Aiming: Sting (safe; 4% risk of failure)
Press: ? - help, Shift-Dir - straight line, f - kobold
Aim: a kobold, wielding a +0 club (asleep, 100% to hit)
The sting hits the kobold.
The kobold is poisoned.
You kill the kobold! 😎 MP[-1]
You lost 1 mp, and now have 5/6 mp.
Casting: Sting (safe; 4% risk of failure)
Confirm with . or Enter, or press ? or * to list all spells.
You can't see any susceptible monsters within range! (Use Z to cast anyway.)
Casting: Sting (safe; 4% risk of failure)
Confirm with . or Enter, or press ? or * to list all spells.
You can't see any susceptible monsters within range! (Use Z to cast anyway.) Unknown command.
f - a +0 club {mace} You see here a kobold corpse. 😎 MP[+1]
Your mp is fully restored (6).
g - a scroll labelled XAKHLO PEDUMP
h - a scroll labelled UZOMAI WION
i - a bubbling dark potion
j - 6 poisoned darts {throwing} A frilled lizard comes into view.
A frilled lizard is nearby!
A frilled lizard is nearby!
A frilled lizard is nearby!
A frilled lizard is nearby!
Casting: Sting (safe; 4% risk of failure)
Confirm with . or Enter, or press ? or * to list all spells.
You can't see any susceptible monsters within range! (Use Z to cast anyway.) 5 frilled lizards come into view.
The frilled lizard hisses angrily. x3
The frilled lizard bites the plant.
The plant begins to die.
A frilled lizard comes into view.
The frilled lizard bites something.
Something hits the plant.
Something bites the plant.
The plant begins to die.
The frilled lizard bites the plant.
The plant begins to die.
The frilled lizard bites the plant. x2; The frilled lizard moves out of view.
You hear an angry hiss. x2; You hear a shout!
A frilled lizard and a hobgoblin come into view.
The frilled lizard hisses angrily. x3; You hear an angry hiss. x2
The frilled lizard bites the plant.
The frilled lizard bites something.
The frilled lizard bites the plant. x2
The frilled lizard hisses angrily.
You hear an angry hiss.
You hear an angry hiss.
Something bites the plant.
The frilled lizard bites the plant.
Something completely misses the plant.
Casting: Sting (safe; 4% risk of failure)
Confirm with . or Enter, or press ? or * to list all spells.
Aiming: Sting (safe; 4% risk of failure)
Press: ? - help, Shift-Dir - straight line, f - hobgoblin
Aim: a hobgoblin (71% to hit)
The sting hits the hobgoblin.
The hobgoblin is poisoned.
The hobgoblin hits you. 😕 HP[-1] MP[-1]
You take 1 damage, and now have 12/13 hp.
You lost 1 mp, and now have 5/6 mp.
Are you sure you want to abandon this character and quit the game? (Confirm with "yes".)

Action                   || total
-------------------------++-------
 Cast: Sting             ||     3

Levels and vault maps discovered:
D:1:      dpeg_arrival_yet_another_circle, layout_basic, serial_shops,
          nicolae_diamond_shop, dreamdust_ecumenical_altar_angels_and_demons,
          chequers_serial_rivers_micro_b, minmay_lizard_king

Notes
Turn   | Place    | Note
-------+----------+-------------------------------------------
     0 | D:1      | spaghetti the Gnoll Venom Mage began the quest for the Orb.
     0 | D:1      | Reached XP level 1. HP: 13/13 MP: 6/6
     0 | D:1      | magus.rc [v1.9.6]
   165 | D:1      | Quit the game

Vanquished Creatures
  A kobold (D:1)
  A rat (D:1)
2 creatures vanquished.

Vanquished Creatures (others)
  6 plants (D:1)
6 creatures vanquished.

Grand Total: 8 creatures vanquished

Table legend:
 A = Non-vault XP
 B = Vault XP
 C = Vault XP percentage of total XP
 D = Non-vault monster count
 E = Vault monster count
 F = Vault count percentage of total count
                 A         B        C        D         E       F
            +---------+---------+-------+---------+---------+-------
      Total |       2 |       0 |   0.0 |       2 |       0 |   0.0
            +---------+---------+-------+---------+---------+-------
        D:1 |       2 |       0 |   0.0 |       2 |       0 |   0.0
            +---------+---------+-------+---------+---------+-------

Illustrated notes

Table legend:
 A = Kills in this place as a percentage of kills in entire the game.
 B = Kills by you in this place as a percentage of kills by you in the entire game.
 C = Kills by friends in this place as a percentage of kills by friends in the entire game.
 D = Other kills in this place as a percentage of other kills in the entire game.
 E = Experience gained in this place as a percentage of experience gained in the entire game.
 F = Experience gained in this place divided by the number of levels of this place that you have seen.
                   A       B       C       D       E      F
               +-------+-------+-------+-------+-------+----------------------
         Total | 100.0 | 100.0 |   N/A |   N/A | 100.0 |   2.0
       Dungeon | 100.0 | 100.0 |   N/A |   N/A | 100.0 |   2.0
               +-------+-------+-------+-------+-------+----------------------

Table legend: (Time is in decaauts)
 A = Elapsed time spent in this place.
 B = Non-inter-level travel time spent in this place.
 C = Inter-level travel time spent in this place.
 D = Time resting spent in this place.
 E = Time spent auto-exploring this place.
 F = Levels seen in this place.
 G = Mean time per level.
                   A        B        C        D        E       F      G
               +--------+--------+--------+--------+--------+-----+--------+
         Total |    165 |    165 |      0 |      0 |    136 |   1 |  165.0 |
       Dungeon |    165 |    165 |      0 |      0 |    136 |   1 |  165.0 |
               +--------+--------+--------+--------+--------+-----+--------+

Top non-repeatable levels by time:
     D:1: 165 daAuts
